 Dungeon Crawl Stone Soup version 0.29.1-15-g9cfb28693d (webtiles) character file.

Game seed: 17623205434282934468

611 javelincjr the Magician (level 7, 0/51 HPs)
             Began as a Demonspawn Hedge Wizard on Apr 3, 2023.
             Was a Believer of Dithmenos.
             Slain by an ice beast (3 damage)
             ... on level 5 of the Dungeon.
             The game lasted 00:17:08 (5917 turns).

javelincjr the Magician (Demonspawn Hedge Wizard)   Turns: 5917, Time: 00:17:09

Health: 0/51       AC:  8    Str: 12    XL:     7   Next: 20%
Magic:  21/22      EV: 12    Int: 16    God:    Dithmenos [**....]
Gold:   223        SH:  0    Dex: 12    Spells: 7/14 levels left

rFire   . . .      SeeInvis .   a - +0 dagger
rCold   . . .      Faith    .   (no shield)
rNeg    . . .      Spirit   .   b - +0 robe
rPois   .          Reflect  .   c - +0 hat
rElec   .          Harm     .   (no cloak)
rCorr   .          Rampage  .   (no gloves)
Will    .....                   (no boots)
Stlth   +++.......              (no amulet)
HPRegen 0.17/turn               k - +4 ring of protection
MPRegen 0.18/turn               w - ring of magical power

@: wreathed by umbra
A: antennae 1, slimy green scales 1, spiny 1
a: Renounce Religion, Shadow Step


You were on level 5 of the Dungeon.
You worshipped Dithmenos.
Dithmenos was pleased with you.
You visited 2 branches of the dungeon, and saw 6 of its levels.

You collected 262 gold pieces.
You spent 39 gold pieces at shops.

Inventory:

Hand Weapons
 a - a +0 dagger (weapon)
Missiles
 t - 3 curare-tipped darts
Armour
 b - a +0 robe (worn)
 c - a +0 hat (worn)
Jewellery
 k - a +4 ring of protection (left hand)
 w - a ring of magical power (right hand)
 A - a ring of fire
Wands
 v - a wand of quicksilver (3)
 y - a wand of digging (3)
Scrolls
 h - a scroll of fog
 j - 7 scrolls of teleportation
 o - a scroll of blinking {unknown}
 p - 2 scrolls of vulnerability {unknown}
 s - a scroll of brand weapon {unknown}
 u - 3 scrolls of fear {unknown}
 x - 3 scrolls of amnesia {unknown}
Potions
 d - a potion of magic
 e - 8 potions of curing
 f - a potion of brilliance {unknown}
 l - a potion of berserk rage {unknown}
 m - 4 potions of heal wounds
 q - a potion of ambrosia {unknown}
 r - 3 potions of mutation {unknown}
 z - a potion of might {unknown}


   Skills:
 * Level 2.7 Fighting
 + Level 1.4 Short Blades
 + Level 1.8 Armour
 + Level 2.6 Dodging
 + Level 2.8 Stealth
 * Level 4.1 Spellcasting
 + Level 2.4 Conjurations
 + Level 2.3 Summonings
 + Level 2.2 Translocations
 + Level 2.4 Invocations


You had 7 spell levels left.
You knew the following spells:

 Your Spells              Type           Power      Damage    Failure   Level
a - Magic Dart            Conj           44%        1d5       6%          1
b - Call Imp              Summ           10%        N/A       10%         2
c - Blink                 Tloc           20%        N/A       10%         2
d - Static Discharge      Conj/Air       7%         3-4/arc   16%         2

Your spell library contained the following spells:

 Spells                   Type           Power      Damage    Failure   Level
 Slow                     Hex            12%        N/A       17%         1
 Conjure Flame            Conj/Fire      7%         6-21      30%         3
 Mephitic Cloud           Conj/Pois/Air  5%         N/A       34%         3
 Inner Flame              Hex/Fire       3%         N/A       45%         3
 Tukima's Dance           Hex            3%         N/A       45%         3
 Passage of Golubria      Tloc           10%        N/A       54%         4
 Sticky Flame             Conj/Fire      7%         2d3       71%         4
 Cause Fear               Hex            1%         N/A       86%         4
 Dispel Undead            Necr           3%         3d7       86%         4
 Yara's Violent Unravell  Hex/Tmut       1%         3d3       99%         5
 Discord                  Hex            1%         N/A       100%        8


Dungeon Overview and Level Annotations

Branches:
Dungeon (5/15)             Temple (1/1) D:4

Altars:
Ashenzari
Cheibriados
Dithmenos
Fedhas
Gozag
Hepliaklqana
Kikubaaqudgha
Makhleb
Okawaru
Qazlal
Ru
Sif Muna
Trog
Uskayaw
Vehumet
Wu Jian
Xom
Yredelemnul

Shops:
D:1 !


Innate Abilities, Weirdness & Mutations

You have a pair of small antennae on your head.
You are partially covered in slimy green scales. (AC +2)
You are partially covered in sharp spines.


Message History

The ice beast is severely wounded.
The ice beast hits you but does no damage.
You hit the ice beast but do no damage.
The ice beast is severely wounded.
The ice beast hits you. The ice beast freezes you.
You barely miss the ice beast.
You punch the ice beast, but do no damage.
The ice beast is severely wounded.
The ice beast hits you. The ice beast freezes you.
You hit the ice beast but do no damage.
The ice beast is severely wounded.
The ice beast is struck by your spines.
The ice beast hits you but does no damage.
You hit the ice beast.
The ice beast is severely wounded.
The ice beast is struck by your spines. The ice beast barely misses you.
You closely miss the ice beast.
The ice beast is almost dead.
You hit the ice beast.
The ice beast is almost dead.
The ice beast hits you but does no damage.
You hit the ice beast but do no damage.
The ice beast is almost dead.
The ice beast hits you but does no damage.
You hit the ice beast but do no damage.
The ice beast is almost dead.
The ice beast hits you. The ice beast freezes you!
You hit the ice beast.
The ice beast is almost dead.
The ice beast hits you. The ice beast freezes you!
* * * LOW HITPOINT WARNING * * *
Casting: Magic Dart (safe; 6% risk of failure)
Confirm with . or Enter, or press ? or * to list all spells.
Aiming: Magic Dart (safe; 6% risk of failure)
Press: ? - help, Shift-Dir - straight line, f - ice beast
Aim: an ice beast (almost dead, umbra, 100% to hit)
The magic dart hits the ice beast but does no damage.
The ice beast is almost dead.
The ice beast hits you.
You die...

.... #..# ..
### #..####+#
#.. #..
#........
#..##..
#...... ......
+....# .....
#Y...#
#..##@...#
#####........+
.......<.....#
.......#######
...##.. .. ##+


You could see an ice beast.

Vanquished Creatures
  2 phantoms (D:4)
  A scorpion (D:4)
  3 hounds (D:4)
  Natasha (twice) (D:2)
  An orc wizard (D:4)
  4 gnolls (D:4)
  An adder (D:4)
  2 worms (D:4)
  3 dart slugs
  9 orcs
  10 ball pythons
  6 endoplasms
  2 giant cockroaches
  4 goblins
  3 hobgoblins
  5 quokkas
  3 bats
  2 frilled lizards
  10 kobolds
73 creatures vanquished.

Vanquished Creatures (collateral kills)
  An ogre (D:4)
  An iguana (D:4)
2 creatures vanquished.

Grand Total: 75 creatures vanquished

Notes
Turn   | Place    | Note
-------+----------+-------------------------------------------
     0 | D:1      | javelincjr the Demonspawn Hedge Wizard began the quest for
                  | the Orb.
     0 | D:1      | Reached XP level 1. HP: 13/13 MP: 4/4
    64 | D:1      | Reached skill level 1 in Translocations
   379 | D:1      | Found Moukall's Distillery.
   392 | D:1      | Gained mutation: You are partially covered in sharp spines.
                  | [demonic ancestry]
   392 | D:1      | Reached XP level 2. HP: 12/19 MP: 1/6
   539 | D:1      | Bought a potion of curing for 39 gold pieces
   650 | D:1      | Found a faded altar of an unknown god.
   659 | D:1      | Prayed at the altar of an unknown god.
   659 | D:1      | Became a worshipper of Dithmenos the Shadowed
   659 | D:1      | Reached * piety under Dithmenos
  1446 | D:2      | Reached XP level 3. HP: 23/25 MP: 2/7
  1684 | D:2      | Noticed Natasha
  1693 | D:2      | Killed Natasha
  1694 | D:2      | Reached skill level 1 in Fighting
  1928 | D:2      | Noticed Natasha
  1942 | D:2      | Killed Natasha
  1943 | D:2      | Reached XP level 4. HP: 18/32 MP: 1/8
  2202 | D:2      | Found a radiant altar of Vehumet.
  2554 | D:3      | Reached skill level 1 in Invocations
  3299 | D:3      | Found a sacrificial altar of Ru.
  3481 | D:3      | Found an ancient bone altar of Kikubaaqudgha.
  4053 | D:3      | Learned a level 2 spell: Call Imp
  4056 | D:3      | Learned a level 2 spell: Blink
  4059 | D:3      | Learned a level 2 spell: Static Discharge
  4152 | D:4      | Gained mutation: You have a pair of small antennae on your
                  | head. [demonic ancestry]
  4152 | D:4      | Reached XP level 5. HP: 24/37 MP: 7/10
  4359 | D:4      | Reached skill level 1 in Armour
  4555 | D:4      | Found a shadowy altar of Dithmenos.
  4855 | D:4      | Reached ** piety under Dithmenos
  4856 | D:4      | Gained mutation: You are partially covered in slimy green
                  | scales. (AC +2) [demonic ancestry]
  4856 | D:4      | Reached XP level 6. HP: 44/44 MP: 11/11
  4979 | D:4      | Reached skill level 1 in Short Blades
  5293 | D:4      | Found a staircase to the Ecumenical Temple.
  5327 | D:4      | Reached skill level 4 in Spellcasting
  5424 | D:4      | Reached XP level 7. HP: 51/51 MP: 13/13
  5457 | Temple   | Entered the Ecumenical Temple
  5893 | D:5      | Entered Level 5 of the Dungeon
  5917 | D:5      | Slain by an ice beast

Illustrated notes

Levels and vault maps discovered:
D:1:      dpeg_arrival_rhombi, layout_rooms, serial_shops, shop_coins,
          shapermc_ecumenical_altar_mp_highgroup
D:2:      layout_loops_corners, basic_altar, uniq_natasha
D:3:      mumra_celtic_spiral_tile, layout_basic,
          nicolae_ru_sacrificial_ziggurat, kiku_gazebo_pond_becter,
          small_statue_intersection, chequers_jeans
D:4:      layout_basic, mainiacjoe_overflow_small_starburst,
          minmay_temple_entry_stoned_glass
D:5:      layout_gridville, eino_small_chamber_without_monster,
          minmay_misc_feat_room
Temple:   compressed_dpeg_triangle_lava_temple

Skill      XL: |  1  2  3  4  5  6 |
---------------+-------------------+-----
Translocations | 1 2 |  2.2
Dodging        | 2 |  2.6
Stealth        | 2 |  2.8
Fighting       | 1 2 |  2.7
Invocations    | 1 2 |  2.4
Armour         | 1 |  1.8
Conjurations   | 2 |  2.4
Short Blades   | 1 |  1.4
Summonings     | 2 |  2.3
Spellcasting   | 4 |  4.1

Action                   |  1- 3 |  4- 6 |  7- 9 || total
-------------------------+-------+-------+-------++-------
Melee: Dagger            |    44 |    95 |    33 ||   172
       Punch             |       |     2 |     2 ||     4
 Cast: Magic Dart        |    49 |    97 |     1 ||   147
       Static Discharge  |       |     4 |       ||     4
       Call Imp          |       |     8 |       ||     8
  Use: Scroll            |       |       |     4 ||     4
 Stab: Sleeping          |     2 |       |       ||     2
Armor: Robe              |     6 |    38 |    11 ||    55
Dodge: Dodged            |    26 |    67 |    15 ||   108
